 Dungeon Sprint DCSS version 0.22-a0-136-g83a10e5 (webtiles) character file.

9 esc the Firebug (level 2, -4/21 HPs)
             Began as a Gnoll Fire Elementalist on Feb 2, 2018.
             Splashed by an oklob sapling's acid (13 damage)
             ... in the Dungeon (Sprint IV: "Fedhas' Mad Dash").
             The game lasted 00:00:20 (200 turns).

esc the Firebug (Gnoll Fire Elementalist)            Turns: 200, Time: 00:00:20

Health: -4/21      AC:  2    Str: 10    XL:     2   Next: 16%
Magic:  8/8        EV: 15    Int: 17    God:
Gold:   0          SH:  0    Dex: 15    Spells: 10/11 levels left

rFire    . . .     SeeInvis .     - Unarmed
rCold    . . .     Gourm    .   (no shield)
rNeg     . . .     Faith    .   a - +0 robe
rPois    .         Spirit   .   (no helmet)
rElec    .         Reflect  .   (no cloak)
rCorr    .         Harm     .   (no gloves)
MR       .....     NoTele   +   (no boots)
Stlth    +++.......             (no amulet)
HPRegen  0.07/turn              (no ring)
MPRegen  0.11/turn              (no ring)

@: no status effects
A: distributed training, fangs 1, strong nose
a: no special abilities


You were in the Dungeon.
You were not hungry.

You visited 1 branch

Inventory:

Armour
 a - a +0 robe (worn)
Scrolls
 i - a scroll of blinking {!r}
Potions
 d - a potion of curing
 e - a potion of heal wounds
 f - a potion of haste
 g - 2 potions of magic
 h - a potion of berserk rage {!q}
 j - a potion of might {unknown}
Books
 b - a book of Flames
Comestibles
 c - a ration
 k - a chunk of flesh {@w0}


   Skills:
 + Level 1.1 Fighting
 + Level 1.1 Short Blades
 + Level 1.1 Long Blades
 + Level 1.1 Axes
 + Level 1.1 Maces & Flails
 + Level 1.1 Polearms
 + Level 1.1 Staves
 + Level 1.1 Slings
 + Level 1.1 Bows
 + Level 1.1 Crossbows
 + Level 1.1 Throwing
 + Level 1.1 Armour
 + Level 4.6 Dodging
 + Level 4.2 Stealth
 + Level 1.1 Shields
 + Level 1.1 Unarmed Combat
 + Level 5.1 Spellcasting
 + Level 2.2 Conjurations
 + Level 0.9 Hexes
 + Level 0.9 Charms
 + Level 0.9 Summonings
 + Level 0.9 Necromancy
 + Level 0.9 Translocations
 + Level 0.9 Transmutations
 + Level 5.4 Fire Magic
 + Level 0.9 Ice Magic
 + Level 0.9 Air Magic
 + Level 0.9 Earth Magic
 + Level 0.9 Poison Magic
 + Level 1.2 Invocations
 + Level 1.1 Evocations


You had 10 spell levels left.
You knew the following spells:

 Your Spells              Type           Power        Failure   Level  Hunger
a - Flame Tongue          Conj/Fire      ###..        2%          1    None


Dungeon Overview and Level Annotations

Branches:
Dungeon (1/1)

Altars:

Annotations:
D exclusion: oklob sapling


Innate Abilities, Weirdness & Mutations

Your experience applies equally to all skills.
You have very sharp teeth.
Your uncanny sense of smell can sniff out nearby items.


Message History

Welcome, esc the Gnoll Fire Elementalist.
Found a staircase leading out of the dungeon.
You open the door.
A rat and a river rat come into view.
Aim: a river rat The flame tongue hits the river rat.
You now have 5/6 mp.
Aim: a river rat (lightly wounded)
The flame tongue hits the river rat.
The river rat bites you!
Ouch! That really hurt!
You take 8 damage, and have 5/13 hp.
MASSIVE DAMAGE!!
You now have 4/6 mp.
Aim: a river rat (severely wounded)
The flame tongue hits the river rat.
You kill the river rat!
Your Fighting skill increases to level 1!
Your Short Blades skill increases to level 1!
Your Long Blades skill increases to level 1!
Your Axes skill increases to level 1!
Your Maces & Flails skill increases to level 1!
Your Polearms skill increases to level 1!
Your Staves skill increases to level 1!
Your Slings skill increases to level 1!
Your Bows skill increases to level 1!
Your Crossbows skill increases to level 1!
Your Throwing skill increases to level 1!
Your Armour skill increases to level 1!
Your Shields skill increases to level 1!
Your Unarmed Combat skill increases to level 1!
Your Spellcasting skill increases to level 5!
Your Conjurations skill increases to level 2!
Your Invocations skill increases to level 1!
Your Evocations skill increases to level 1!
You have reached level 2!
You regained 3 hp, and now have 8/21 hp.
You close the door.
You start resting.
Health restored: 21; MP restored: 8 You open the door.
There is an open door here.
You see here a dark potion.
Aim: a rat (resting)
The flame tongue hits the rat.
You kill the rat!
You now have 7/8 mp.
j - a dark potion You see here a rat corpse.
You butcher the rat corpse.
k - a chunk of flesh {@w0} You start resting.
MP restored: 8 You open the door.
An oklob sapling comes into view.
The oklob sapling spits acid at you. The splash of acid hits you!
Ouch! That really hurt!
You are splashed with acid!
The acid burns!
Ouch! That really hurt!
You die...

############ #####
#<..P#.....#.$$$$#
#PP..'....@'.#∆∆
#PPPP#.....#P#∆
############ # ∆ ∆
∆ ∆ ∆ ∆∆∆∆


You could see an oklob sapling.

Vanquished Creatures
  A river rat (D)
  A rat (D)
2 creatures vanquished.

Notes
Turn   | Place    | Note
-------+----------+-------------------------------------------
     0 | D        | esc the Gnoll Fire Elementalist began the quest for the Orb.
     0 | D        | Reached XP level 1. HP: 13/13 MP: 6/6
     8 | D        | Reached skill level 1 in Fighting
     8 | D        | Reached skill level 1 in Short Blades
     8 | D        | Reached skill level 1 in Long Blades
     8 | D        | Reached skill level 1 in Axes
     8 | D        | Reached skill level 1 in Maces & Flails
     8 | D        | Reached skill level 1 in Polearms
     8 | D        | Reached skill level 1 in Staves
     8 | D        | Reached skill level 1 in Slings
     8 | D        | Reached skill level 1 in Bows
     8 | D        | Reached skill level 1 in Crossbows
     8 | D        | Reached skill level 1 in Throwing
     8 | D        | Reached skill level 1 in Armour
     8 | D        | Reached skill level 1 in Shields
     8 | D        | Reached skill level 1 in Unarmed Combat
     8 | D        | Reached skill level 5 in Spellcasting
     8 | D        | Reached skill level 2 in Conjurations
     8 | D        | Reached skill level 1 in Invocations
     8 | D        | Reached skill level 1 in Evocations
     8 | D        | Reached XP level 2. HP: 8/21 MP: 4/8
   200 | D        | Noticed an oklob sapling
   200 | D        | Splashed by an oklob sapling's acid

Vault maps used:
D:        dungeon_sprint_fedhas

Skill      XL: |  1 |
---------------+----+-----
Fighting       | 1 |  1.1
Short Blades   | 1 |  1.1
Long Blades    | 1 |  1.1
Axes           | 1 |  1.1
Maces & Flails | 1 |  1.1
Polearms       | 1 |  1.1
Staves         | 1 |  1.1
Slings         | 1 |  1.1
Bows           | 1 |  1.1
Crossbows      | 1 |  1.1
Throwing       | 1 |  1.1
Armour         | 1 |  1.1
Shields        | 1 |  1.1
Unarmed Combat | 1 |  1.1
Spellcasting   | 5 |  5.1
Conjurations   | 2 |  2.2
Invocations    | 1 |  1.2
Evocations     | 1 |  1.1
Dodging        | |  4.6
Stealth        | |  4.2
Hexes          | |  0.9
Charms         | |  0.9
Summonings     | |  0.9
Necromancy     | |  0.9
Translocations | |  0.9
Transmutations | |  0.9
Fire Magic     | |  5.4
Ice Magic      | |  0.9
Air Magic      | |  0.9
Earth Magic    | |  0.9
Poison Magic   | |  0.9

Action                   || total
-------------------------++-------
 Cast: Flame Tongue      ||     4

Table legend:
 A = Spawn XP
 B = Non-spawn XP
 C = Spawn XP percentage of total XP
 D = Spawn monster count
 E = Non-spawn monster count
 F = Spawn count percentage of total count
 G = Total turns spent on level
                    A         B        C        D         E        F      G
               +---------+---------+-------+---------+---------+-------+---------
         Total |       0 |      14 |   0.0 |       0 |       2 |   0.0 |   200
               +---------+---------+-------+---------+---------+-------+---------
             D |       0 |      14 |   0.0 |       0 |       2 |   0.0 |   200
               +---------+---------+-------+---------+---------+-------+---------

Vault maps used:
D:        dungeon_sprint_fedhas

Table legend:
 A = Turns spent in this place as a percentage of turns spent in the entire game.
 B = Non-inter-level travel turns spent in this place as a percentage of non-inter-level travel turns spent in the entire game.
 C = Inter-level travel turns spent in this place as a percentage of turns spent in this place.
 D = Turns resting spent in this place as a percentage of non-inter-level travel turns spent in this place.
 E = Turns spent auto-exploring this place as a percentage of non-inter-level travel turns spent in this place.
 F = Non-inter-level travel turns spent in this place divided by the number of levels of this place that you've seen.
                   A       B       C       D       E      F
               +-------+-------+-------+-------+-------+----------------------
         Total | 100.0 | 100.0 |   0.0 |  89.0 |   0.0 | 200.0
       Dungeon | 100.0 | 100.0 |   0.0 |  89.0 |   0.0 | 200.0
               +-------+-------+-------+-------+-------+----------------------

Table legend:
 A = Kills in this place as a percentage of kills in entire the game.
 B = Kills by you in this place as a percentage of kills by you in the entire game.
 C = Kills by friends in this place as a percentage of kills by friends in the entire game.
 D = Other kills in this place as a percentage of other kills in the entire game.
 E = Experience gained in this place as a percentage of experience gained in the entire game.
 F = Experience gained in this place divided by the number of levels of this place that you have seen.
                   A       B       C       D       E      F
               +-------+-------+-------+-------+-------+----------------------
         Total | 100.0 | 100.0 |   N/A |   N/A | 100.0 |  14.0
       Dungeon | 100.0 | 100.0 |   N/A |   N/A | 100.0 |  14.0
               +-------+-------+-------+-------+-------+----------------------
